 Dungeon Crawl Stone Soup version 0.28-a0-1206-g193881aaa2 (webtiles) character file.

Game seed: 3344233167683454154

1264 Armakuni the Sneak (level 8, -2/62 HPs)
             Began as a Human Wanderer on Dec 18, 2021.
             Slain by a gnoll sergeant (10 damage)
             ... on level 5 of the Dungeon on Dec 20, 2021.
             The game lasted 00:17:25 (6913 turns).

Armakuni the Sneak (Human Wanderer)                 Turns: 6913, Time: 00:17:26

Health: -2/62      AC:  6    Str: 15    XL:     8   Next: 82%
Magic:  2/14       EV: 13    Int: 14    God:
Gold:   338        SH:  0    Dex: 20    Spells: 8/15 levels left

rFire   . . .      SeeInvis .   a - +9 hand axe of the Smoking Messenger {elec, rPois Dex+9 Stlth+}
rCold   . . .      Faith    +   (no shield)
rNeg    . . .      Spirit   .   d - +1 robe
rPois   +          Reflect  .   (no helmet)
rElec   .          Harm     .   (no cloak)
rCorr   .          Rampage  .   (no gloves)
Will    .....                   r - +2 pair of boots
Stlth   ++++......              U - amulet of faith
HPRegen 0.20/turn               P - ring of poison resistance
MPRegen 0.14/turn               (no ring)

@: no status effects
A: no striking features
a: no special abilities


You were on level 5 of the Dungeon.
You visited 2 branches of the dungeon, and saw 6 of its levels.
You also visited: Ossuary.

You collected 338 gold pieces.

Inventory:

Hand Weapons
 a - the +9 hand axe of the Smoking Messenger (weapon) {elec, rPois Dex+9 Stlth+}
   (You took it off a goblin on level 4 of the Dungeon)

   It occasionally discharges a powerful burst of electricity upon striking a
   foe.
   Dex:       It affects your dexterity (+9).
   rPois:     It protects you from poison.
   Stlth:     It makes you more stealthy.
 h - a +3 flail
 o - a +3 spear
Missiles
 n - 30 poisoned darts
Armour
 d - a +1 robe (worn)
 j - a +0 leather armour
 l - a +0 ring mail
 r - a +2 pair of boots (worn)
 s - a +0 leather armour
Jewellery
 i - a ring of fire
 P - a ring of poison resistance (left hand)
 U - an amulet of faith (around neck)
Scrolls
 b - a scroll of fear
 c - a scroll of fog
 v - a scroll of teleportation
 x - a scroll of enchant armour
Potions
 e - 2 potions of lignification
 f - 4 potions of curing
 g - 2 potions of mutation
 k - a potion of might
 p - a potion of invisibility {unknown}
 q - a potion of ambrosia
 w - a potion of brilliance {unknown}
 z - a potion of attraction {unknown}


   Skills:
 - Level 5.0 Fighting
 - Level 2.5 Armour
 - Level 2.2 Dodging
 - Level 5.0 Stealth
 + Level 4.1 Spellcasting
 + Level 4.4 Conjurations
 - Level 3.0 Ice Magic
 - Level 4.0 Earth Magic


You had 8 spell levels left.
You knew the following spells:

 Your Spells              Type           Power      Damage    Failure   Level
a - Freeze                Ice            44%        1d6       5%          1
o - Ozocubu's Armour      Ice            11%        N/A       17%         3
z - Stone Arrow           Conj/Erth      28%        3d8       11%         3

Your spell library contained the following spells:

 Spells                   Type           Power      Damage    Failure   Level
 Sandblast                Erth           28%        2d8       3%          1
 Passwall                 Tmut/Erth      6%         N/A       13%         2
 Corpse Rot               Necr/Air       4%         N/A       28%         2
 Summon Guardian Golem    Hex/Summ       2%         N/A       50%         3
 Dispel Undead            Necr           2%         3d7       88%         4
 Death Channel            Necr           1%         N/A       100%        6
 Orb of Destruction       Conj           7%         9d3       100%        7
 Spellforged Servitor     Conj/Summ      4%         N/A       100%        7


Dungeon Overview and Level Annotations

Branches:
Dungeon (5/15)             Temple (1/1) D:4         Ossuary (visited)

Altars:
Ashenzari
Cheibriados
Dithmenos
Elyvilon
Fedhas
Gozag
Hepliaklqana
Kikubaaqudgha
Makhleb
Nemelex Xobeh
Okawaru
Qazlal
Sif Muna
Trog
Uskayaw
Vehumet
Wu Jian
Yredelemnul
Zin
The Shining One


Message History

Press: ? - help, Q - select action, (/) - cycle Shift-Dir - straight line, f/p - ogre
Aim: an ogre, wielding a +0 giant club (severely wounded, 85% to hit)
The stone arrow hits the ogre!
The ogre is almost dead.
The ogre barely misses you.
Aiming: Stone Arrow (dangerous; 11% risk of failure)
Press: ? - help, Q - select action, (/) - cycle Shift-Dir - straight line, f/p - ogre
Aim: an ogre, wielding a +0 giant club (almost dead, 85% to hit)
The stone arrow hits the ogre!
You kill the ogre!
The gnoll sergeant hits you from afar with a +0 trident!
Training target 4.0 for Earth Magic reached!
Your Spellcasting skill increases to level 4!
Your Earth Magic skill increases to level 4!
Aiming: Stone Arrow (dangerous; 11% risk of failure)
Press: ? - help, Q - select action, (/) - cycle Shift-Dir - straight line, f - gnoll sergeant
Aim: a gnoll sergeant, wielding a +0 trident and wearing a +0 scale mail (77% to hit)
The stone arrow misses the gnoll sergeant.
The gnoll sergeant hits you from afar with a +0 trident!
The gnoll sergeant hits you with a +0 trident.
You see here a +0 giant club.
You slash the gnoll sergeant!
The gnoll sergeant is moderately wounded.
The gnoll sergeant barely misses you.
The gnoll sergeant hits you with a +0 trident!
* * * LOW HITPOINT WARNING * * *
You slash the gnoll sergeant!
The gnoll sergeant is heavily wounded.
The gnoll sergeant barely misses you.
You barely miss the gnoll sergeant.
The gnoll sergeant is heavily wounded.
The gnoll sergeant hits you with a +0 trident.
* * * LOW HITPOINT WARNING * * *
You hit the gnoll sergeant but do no damage.
The gnoll sergeant is heavily wounded.
The gnoll sergeant hits you but does no damage. x2
You barely miss the gnoll sergeant.
The gnoll sergeant is heavily wounded.
The gnoll sergeant hits you with a +0 trident!
You die...

##.#..# .# #.##
###..# .##...# #
#..# ### .#.....
....####..# ..#
.......
#.......###.#
.......
######...##.#
###)......
##.###.#.#
#..)......
#######.##
#..#####.........
........#
#...@g.....#.....
######..##
##..#########
...# #...###...#
### ####...####
#####


You could see a gnoll sergeant.

Vanquished Creatures
  Sigmund (D:3)
  3 ogres
  A centaur (D:4)
  A scorpion (D:5)
  2 water moccasin skeletons (D:4)
  3 wights (Ossuary)
  A centaur zombie (D:5)
  A bullfrog zombie (D:5)
  A human zombie (D:4)
  3 hounds
  Jessica (D:3)
  2 iguanas
  2 hound zombies (D:5)
  A hound skeleton (D:5)
  A howler monkey skeleton (D:4)
  4 gnolls (D:5)
  5 adders
  An adder zombie (Ossuary)
  4 worms
  10 endoplasms
  13 goblins
  7 hobgoblins
  6 kobolds
  5 quokkas
  6 ball pythons
  A ball python skeleton (Ossuary)
  9 bats
  2 frilled lizards
  A hobgoblin skeleton (Ossuary)
  2 hobgoblin zombies (Ossuary)
  A kobold zombie (Ossuary)
  2 orc zombies (Ossuary)
  4 rats
107 creatures vanquished.

Vanquished Creatures (others)
  6 fungi (D:5)
  5 toadstools (D:5)
11 creatures vanquished.

Grand Total: 118 creatures vanquished

Notes
Turn   | Place    | Note
-------+----------+-------------------------------------------
     0 | D:1      | Armakuni the Human Wanderer began the quest for the Orb.
     0 | D:1      | Armakuni set off with the following items: a +2 dagger, a
                  | scroll of fear, a scroll of fog, a +0 robe; and the
                  | following spell memorised: Freeze; and the following spells
                  | available to memorise: Ozocubu's Armour
     0 | D:1      | Reached XP level 1. HP: 13/13 MP: 2/2
    65 | D:1      | Reached skill level 1 in Fighting
   179 | D:1      | Reached XP level 2. HP: 17/21 MP: 0/3
   241 | D:1      | Found a faded altar of an unknown god.
   623 | D:1      | Reached XP level 3. HP: 27/28 MP: 4/4
  1830 | D:2      | Reached XP level 4. HP: 35/35 MP: 5/5
  2153 | D:3      | Noticed Jessica
  2160 | D:3      | Killed Jessica
  2161 | D:3      | Reached XP level 5. HP: 30/42 MP: 6/6
  2261 | D:3      | Learned a level 3 spell: Ozocubu's Armour
  2828 | D:3      | Noticed Sigmund
  3067 | D:3      | Reached skill level 5 in Fighting
  3214 | D:3      | Killed Sigmund
  3215 | D:3      | Reached XP level 6. HP: 3/51 MP: 4/7
  3762 | D:3      | Learned a level 3 spell: Stone Arrow
  3764 | D:4      | Found a sand-covered staircase.
  3794 | D:4      | Noticed an ogre
  3912 | Ossuary  | Entered an ossuary
  3995 | Ossuary  | Reached skill level 1 in Conjurations
  3995 | Ossuary  | Reached XP level 7. HP: 16/52 MP: 9/9
  4243 | Ossuary  | Reached skill level 1 in Earth Magic
  4444 | Ossuary  | Noticed a wraith
  4444 | Ossuary  | Noticed a flying skull
  4455 | Ossuary  | Noticed a flying skull
  4457 | Ossuary  | Noticed a flying skull
  4478 | Ossuary  | Noticed a flying skull
  4616 | Ossuary  | Noticed a wraith
  4645 | Ossuary  | Noticed a wraith
  5321 | D:4      | Reached XP level 8. HP: 57/62 MP: 10/12
  5467 | D:4      | Identified the +9 hand axe of the Smoking Messenger {elec,
                  | rPois Dex+9 Stlth+}
  5814 | D:4      | Found a staircase to the Ecumenical Temple.
  5823 | Temple   | Entered the Ecumenical Temple
  6641 | D:5      | Entered Level 5 of the Dungeon
  6655 | D:5      | Upgraded the game from 0.28-a0-1190-g77e1c55843 to
                  | 0.28-a0-1206-g193881aaa2
  6913 | D:5      | Slain by a gnoll sergeant

Illustrated notes

Levels and vault maps discovered:
D:1:      zaba_arrival_water, layout_loops_cross,
          shapermc_ecumenical_altar_mp_urbaneastern
D:2:      layout_loops_cross
D:3:      layout_loops_corners, uniq_jessica, uniq_sigmund
D:4:      layout_loops_ring, minmay_temple_entry_antechambers, enter_ossuary_3,
          minmay_misc_feat_x
D:5:      layout_loops_ring, minmay_gold_behind_fungi, minmay_small_thing
Temple:   mainiacjoe_temple_big_plus

Skill      XL: |  1  2  3  4  5  6  7  8 |
---------------+-------------------------+-----
Fighting       | 1 2 3 4 5 |  5.0
Armour         | 2 |  2.5
Dodging        | 2 |  2.2
Conjurations   | 1 2 4 |  4.4
Earth Magic    | 2 4 |  4.0
Spellcasting   | 2 4 |  4.1
Stealth        | |  5.0
Ice Magic      | |  3.0

Action                   |  1- 3 |  4- 6 |  7- 9 || total
-------------------------+-------+-------+-------++-------
Melee: Dagger            |    65 |   107 |       ||   172
       Spear             |       |       |    89 ||    89
       Flail             |       |       |    33 ||    33
       Hand axe          |       |       |    48 ||    48
Throw: Dart              |       |    21 |     5 ||    26
 Cast: Freeze            |    22 |    36 |       ||    58
       Ozocubu's Armour  |       |     1 |     9 ||    10
       Stone Arrow       |       |       |     7 ||     7
Evoke: Wand              |       |       |     2 ||     2
  Use: Scroll            |     2 |     5 |     6 ||    13
       Potion            |       |     4 |       ||     4
 Stab: Sleeping          |    13 |     8 |    11 ||    32
       Distracted        |       |     1 |       ||     1
Armor: Robe              |    14 |    25 |    58 ||    97
Dodge: Dodged            |    38 |    52 |   139 ||   229

Table legend: (Time is in decaauts)
 A = Elapsed time spent in this place.
 B = Non-inter-level travel time spent in this place.
 C = Inter-level travel time spent in this place.
 D = Time resting spent in this place.
 E = Time spent auto-exploring this place.
 F = Levels seen in this place.
 G = Mean time per level.
                   A        B        C        D        E       F      G
               +--------+--------+--------+--------+--------+-----+--------+
         Total |   6956 |   6794 |    162 |   1736 |   3501 |   7 |  993.7 |
       Dungeon |   5628 |   5491 |    137 |   1300 |   2940 |   5 | 1125.6 |
        Temple |    416 |    391 |     25 |      0 |    386 |   1 |  416.0 |
       Ossuary |    911 |    911 |      0 |    436 |    175 |   1 |  911.0 |
               +--------+--------+--------+--------+--------+-----+--------+

Top non-repeatable levels by time:
     D:3: 1857 daAuts
     D:4: 1498 daAuts
     D:2: 1028 daAuts
     D:1: 972 daAuts
 Ossuary: 911 daAuts
  Temple: 416 daAuts
     D:5: 272 daAuts
